 Dungeon Crawl Stone Soup version 0.20.0 (webtiles) character file.

56595 Nothus the Fighter (level 14, -4/113 HPs)
             Began as a Merfolk Skald on May 27, 2017.
             Was a Follower of Uskayaw.
             Slain by an eight-headed hydra (10 damage)
             ... on level 2 of the Lair of Beasts.
             The game lasted 03:46:06 (25567 turns).

Nothus the Fighter (Merfolk Skald)                 Turns: 25567, Time: 03:46:10

Health: -4/113     AC: 19    Str: 11    XL:     14   Next: 82%
Magic:  16/20      EV: 19    Int: 15    God:    Uskayaw [*.....]
Gold:   542        SH:  0    Dex: 16    Spells: 4/22 levels left

rFire    . . .     SeeInvis .   a - +10 long sword "Xocirot" {venom, rElec}
rCold    . . .     Gourm    .   (no shield)
rNeg     . . .     Faith    .   S - +4 troll leather armour
rPois    .         Spirit   .   o - +0 helmet
rElec    +         Reflect  .   (no cloak)
rCorr    .         Harm     +   n - +2 pair of gloves
MR       +....                  E - +2 pair of boots "Damnable Contraption" {*Drain +Fly rElec}
Stlth    +.........             Y - amulet of harm
Regen    0.7/turn               y - +1 ring of slaying
MPRegen  0.2/turn               O - +4 ring of protection

@: very slightly contaminated, invisible
A: change form in water, swift swim, stealthy swim
a: Stomp, Renounce Religion, Evoke Flight


You were on level 2 of the Lair of Beasts.
You worshipped Uskayaw.
Uskayaw was aware of your devotion.
You were very hungry.

You visited 5 branches of the dungeon, and saw 20 of its levels.
You also visited: Labyrinth.

You collected 1168 gold pieces.
You spent 626 gold pieces at shops.

Inventory:

Hand Weapons
 a - the +10 long sword "Xocirot" (weapon) {venom, rElec}
   (You found it on level 7 of the Dungeon)

   It poisons the flesh of those it strikes.
   It insulates you from electricity.
 b - a +2 trident of venom
 l - a +2 falchion of protection
Missiles
 t - 2 javelins
 F - a poisoned javelin (quivered)
 L - 23 tomahawks
 U - 7 tomahawks of returning
Armour
 m - +0 fire dragon scales
 n - a +2 pair of gloves (worn)
 o - a +0 helmet (worn)
 s - a +0 robe of positive energy
 E - the +2 pair of boots "Damnable Contraption" (worn) {*Drain +Fly rElec}
   (You found it on level 5 of the Lair of Beasts)

   It insulates you from electricity.
   It lets you fly.
   It causes draining when unequipped.
 S - a +4 troll leather armour (worn)
Jewellery
 q - an uncursed amulet of rage {unknown}
 y - a +1 ring of slaying (left hand)
 I - an uncursed ring of protection from fire
 O - a +4 ring of protection (right hand)
 Y - an amulet of harm (around neck)
Wands
 c - a wand of digging (15/24)
 e - a wand of iceblast (12/15)
 g - a wand of enslavement (13/24)
 h - a wand of lightning (7/15)
 r - a wand of enslavement (7/24)
 v - a wand of polymorph (15/24)
 H - a wand of lightning (8/15)
 W - a wand of paralysis (10/24)
Scrolls
 d - a scroll of amnesia
 i - 4 scrolls of teleportation
 j - a scroll of identify
 k - 5 scrolls of fog
 D - 3 scrolls of remove curse
 M - 2 scrolls of magic mapping
Potions
 p - 2 potions of magic
 A - 4 potions of might
 P - 6 potions of curing
 T - a potion of invisibility
 V - a potion of haste
 X - a potion of resistance
Miscellaneous
 u - a fan of gales
 K - a lightning rod (4/4)
 Z - a lamp of fire (inert)
Comestibles
 f - 11 royal jellies
 w - 2 fruits


   Skills:
 - Level 11.4 Fighting
 - Level 10.0 Long Blades
 - Level 8.0 Polearms
 - Level 7.1 Throwing
 - Level 0.6 Armour
 - Level 11.1 Dodging
 * Level 4.6 Spellcasting
 + Level 7.9 Hexes
 - Level 10.4 Charms
 - Level 2.4 Necromancy
 - Level 8.0 Translocations
 - Level 9.3 Invocations


You had 4 spell levels left.
You knew the following spells:

 Your Spells              Type           Power        Failure   Level  Hunger
a - Infusion              Chrm           ####         1%          1    None
b - Song of Slaying       Chrm           ####....     1%          2    ##.....
c - Shroud of Golubria    Chrm/Tloc      ####......   1%          2    ##.....
d - Portal Projectile     Hex/Tloc       ####..       2%          3    ###....
e - Regeneration          Chrm/Necr      ###.......   4%          3    ###....
f - Cause Fear            Hex            ####......   9%          4    ####...
w - Spectral Weapon       Hex/Chrm       ####....     1%          3    ###....


Dungeon Overview and Level Annotations

Branches:
Dungeon (11/15)            Temple (1/1) D:4            Lair (6/6) D:9
  Swamp (1/4) Lair:2       Spider (0/4) Lair:3        Slime (0/5) Lair:5
    Orc (1/2) D:9

Altars:
Ashenzari
Cheibriados
Dithmenos
Elyvilon
Fedhas
Gozag
Hepliaklqana
Kikubaaqudgha
Makhleb
Nemelex Xobeh
Okawaru
Qazlal
Ru
Sif Muna
Trog
Uskayaw
Vehumet
Xom
Yredelemnul
Zin
The Shining One
Jiyva

Shops:
D:4 =   D:7 *}?:!   D:10 ?


Message History

The eight-headed hydra bites you but does no damage.
The eight-headed hydra bites you!
The eight-headed hydra bites you but does no damage.
The eight-headed hydra completely misses you.
The spriggan rider hits you from afar with a spear!
* * * LOW HITPOINT WARNING * * *
The spriggan rider hits you from afar with a spear!
* * * LOW HITPOINT WARNING * * *
You climb upwards.
Welcome back to the Lair of Beasts!
There is a staircase to the Swamp here.
You fade into invisibility!
You are very lightly contaminated with residual magic.
The eight-headed hydra bites you but does no damage.
The eight-headed hydra closely misses you.
The eight-headed hydra barely misses you.
The eight-headed hydra bites you!
* * * LOW HITPOINT WARNING * * *
The eight-headed hydra completely misses you.
The eight-headed hydra misses you. The eight-headed hydra bites you!
You die...

...# #...## ###.## #....# ...#
###.## ### #.# #...## ...#
#....#####.## ##.# ##.P.## ...#
###.....##≈≈..###..###..#.P#
..####P.......♣♣≈♣♣#..#..##..#...
..##.........≈♣≈≈≈♣.....###P.##P#
.............♣≈§§§≈≈..### ##.####
.............≈≈D§§≈≈..# ##.#
..#..........≈≈§@§≈≈..# #P.#
........##.P.♣≈≈≈≈≈≈..## ##.#
..##...#.#....≈≈≈≈≈♣...# #..#
#.###..##...##♣≈≈≈♣..### ##.##
..P##..###.##♣♣≈≈≈≈### #..P###
...........P##..♣..# #..P#.#
P..#####..####..#### ##....#
.P..# #### #.## ####.P #..## #.#
#####..#


You could see an eight-headed hydra.

Vanquished Creatures
  Kirke (Lair:5)
  A minotaur (Lab)
  Fannar (Lair:2)
  5 hydras
  A catoblepas (Lair:5)
  4 death yaks
  3 deep trolls (D:10)
  Pikel (D:7)
  A lindwurm (Lair:6)
  An ugly thing (D:11)
  A centaur zombie (D:10)
  7 black mambas
  18 spiny frogs
  2 torpor snails
  2 rime drakes
  A kobold demonologist (D:11)
  14 komodo dragons
  8 trolls
  5 tyrant leeches (Lair:6)
  5 jumping spiders (Lair:3)
  A dream sheep (Lair:6)
  23 blink frogs
  9 hippogriffs
  A slime creature (Lair:5)
  2 redbacks (Lair:3)
  A human (D:7)
  2 wyverns
  36 yaks
  A steam dragon (D:9)
  8 hogs
  A hungry ghost (D:8)
  2 basilisks
  6 vampire mosquitoes
  A warg (Orc:1)
  7 porcupines
  14 water moccasins
  5 orc warriors
  2 eyes of draining (D:10)
  6 sky beasts
  A necrophage (D:10)
  6 ogres
  39 wolves
  5 centaurs
  10 crocodiles
  2 big kobolds (D:11)
  18 bullfrogs
  A water moccasin zombie (D:5)
  2 scorpions
  A water moccasin skeleton (D:10)
  10 killer bees
  15 jellies
  4 wights
  4 howler monkeys
  A vampire bat (Lair:1)
  5 electric eels
  5 crimson imps
  A bullfrog skeleton (D:7)
  11 orc priests
  2 centaur skeletons
  4 hounds
  16 orc wizards
  Terence (D:2)
  3 iguanas
  6 worker ants
  A hound zombie (D:8)
  3 hound skeletons
  A howler monkey zombie (D:7)
  A worker ant zombie (D:5)
  8 gnolls
  13 adders
  7 shadow imps
  10 oozes
  An adder zombie (D:10)
  3 adder skeletons
  6 worms
  A dart slug (D:3)
  7 leopard geckos
  61 orcs
  2 ball pythons
  5 giant cockroaches
  14 goblins
  4 hobgoblins
  9 jackals
  5 quokkas
  12 bats
  5 frilled lizards
  12 kobolds
  A leopard gecko skeleton (D:5)
  A leopard gecko zombie (D:7)
  6 rats
582 creatures vanquished.

Vanquished Creatures (others)
  A human (Lair:5)
  An orc warrior (D:7)
  2 slaves (D:7)
  A jackal (D:7)
  24 fungi
  22 plants
  8 spectral weapons
59 creatures vanquished.

Grand Total: 641 creatures vanquished

Notes
Turn   | Place    | Note
-------+----------+-------------------------------------------
     0 | D:1      | Nothus the Merfolk Skald began the quest for the Orb.
     0 | D:1      | Reached XP level 1. HP: 16/16 MP: 3/3
   320 | D:1      | Reached XP level 2. HP: 21/22 MP: 0/5
  1082 | D:2      | Reached skill level 5 in Polearms
  1082 | D:2      | Reached XP level 3. HP: 24/27 MP: 6/6
  1115 | D:2      | Noticed Terence
  1859 | D:2      | Reached XP level 4. HP: 10/33 MP: 0/7
  2180 | D:2      | Found a shattered altar of Ashenzari.
  2754 | D:3      | Learned a level 2 spell: Song of Slaying
  2757 | D:3      | Learned a level 2 spell: Shroud of Golubria
  3167 | D:3      | Reached XP level 5. HP: 21/38 MP: 3/8
  4099 | D:4      | Found Dikazeno's Jewellery Boutique.
  4108 | D:4      | Bought a +1 ring of slaying for 84 gold pieces
  4225 | D:4      | Found a shadowy altar of Dithmenos.
  4234 | D:4      | Reached XP level 6. HP: 32/44 MP: 9/9
  4388 | D:4      | Found a staircase to the Ecumenical Temple.
  4407 | Temple   | Entered the Ecumenical Temple
  4564 | Temple   | Became a worshipper of Uskayaw the Reveler
  4630 | D:4      | You fall through a shaft for 3 floors!
  4692 | D:6      | Reached * piety under Uskayaw
  4701 | D:6      | Reached ** piety under Uskayaw
  4705 | D:5      | Entered Level 5 of the Dungeon
  4729 | D:5      | Reached *** piety under Uskayaw
  5096 | D:4      | Found an ancient bone altar of Kikubaaqudgha.
  5102 | D:4      | Found a deep blue altar of Sif Muna.
  5104 | D:4      | Found a radiant altar of Vehumet.
  5108 | D:4      | Identified Sif Muna's Guide on the Compass
  5239 | D:5      | Reached skill level 5 in Dodging
  5861 | D:5      | Reached XP level 7. HP: 27/50 MP: 5/10
  6418 | D:5      | Reached **** piety under Uskayaw
  6426 | D:5      | HP: 2/50 [shadow imp/nerve-wracking pain (12)]
  6898 | D:5      | Reached XP level 8. HP: 33/56 MP: 5/11
  7065 | D:5      | Reached skill level 5 in Charms
  7846 | D:6      | Found a glowing silver altar of Zin.
  7857 | D:6      | Found a stormy altar of Qazlal.
  8355 | D:6      | Reached ***** piety under Uskayaw
  8909 | D:7      | Found Furghuh's Magic Scroll Emporium.
  8955 | D:7      | Found Nidar's General Store.
  8963 | D:7      | Bought a potion of curing for 45 gold pieces
  9242 | D:7      | Found Lelon's Book Shop.
  9263 | D:7      | Bought a scroll of teleportation for 33 gold pieces
  9263 | D:7      | Bought a scroll of fear for 38 gold pieces
  9373 | D:7      | Noticed Pikel
  9406 | D:7      | Killed Pikel
  9406 | D:7      | Reached XP level 9. HP: 51/61 MP: 9/12
  9459 | D:7      | Reached skill level 10 in Charms
 10054 | D:7      | Found Xedialuweoh's Gadget Shop.
 10314 | D:7      | Got a brightly glowing long sword
 10315 | D:7      | Identified the +10 long sword "Xocirot" {venom, rElec} (You found it on level 7 of the Dungeon)
 10318 | D:7      | Found Feolotelu's Distillery.
 10323 | D:7      | Bought a potion of heal wounds for 60 gold pieces
 10323 | D:7      | Bought a potion of curing for 36 gold pieces
 10415 | D:7      | Reached skill level 5 in Fighting
 10936 | D:8      | Reached XP level 10. HP: 67/77 MP: 13/13
 11185 | D:8      | Found a burning altar of Makhleb.
 11186 | D:8      | Found a shimmering altar of Xom.
 11215 | D:8      | Learned a level 3 spell: Spectral Weapon
 11567 | D:6      | Reached skill level 1 in Long Blades
 12218 | D:2      | Killed Terence
 12679 | D:9      | Got a scorched dagger
 12680 | D:9      | Identified the +6 dagger of False Hope {flame, *Corrode Fragile MR+ Dex+8} (You found it on level 9 of the Dungeon)
 12999 | D:9      | Reached skill level 5 in Long Blades
 13208 | D:9      | Found a staircase to the Lair.
 13411 | D:9      | Learned a level 1 spell: Magic Dart
 13564 | D:9      | Reached skill level 1 in Hexes
 13616 | D:9      | Found a staircase to the Orcish Mines.
 13734 | Lair:1   | Entered Level 1 of the Lair of Beasts
 14052 | Lair:1   | Reached XP level 11. HP: 86/86 MP: 10/14
 14053 | Lair:1   | Reached skill level 5 in Hexes
 14321 | Lair:1   | Noticed an eight-headed hydra
 14377 | D:10     | Entered Level 10 of the Dungeon
 14687 | D:10     | Found Qike's Magic Scroll Emporium.
 14690 | D:10     | Bought a scroll of teleportation for 39 gold pieces
 14690 | D:10     | Bought a scroll of blinking for 97 gold pieces
 15256 | D:10     | Noticed a deep troll
 15270 | D:10     | Killed a deep troll
 15283 | D:10     | Reached skill level 10 in Dodging
 15291 | D:10     | Noticed a deep troll
 15303 | D:10     | Killed a deep troll
 15612 | D:10     | Reached skill level 1 in Invocations
 15897 | D:10     | Bought a scroll of enchant armour for 97 gold pieces
 15897 | D:10     | Bought a scroll of enchant armour for 97 gold pieces
 15925 | D:10     | Noticed a deep troll
 15939 | D:10     | Killed a deep troll
 15939 | D:10     | Reached skill level 5 in Invocations
 16316 | D:11     | Reached XP level 12. HP: 88/92 MP: 10/16
 16966 | Temple   | Learned a level 3 spell: Regeneration
 17301 | Lair:2   | Found a labyrinth entrance.
 17319 | Lab      | Entered a labyrinth
 17641 | Lab      | Noticed a minotaur
 17649 | Lab      | Killed a minotaur
 17654 | Lab      | Got a translucent ring mail
 17685 | Lab      | Identified the +9 ring mail "Onoinwaz" {rElec} (You found it in a labyrinth)
 17848 | Lair:2   | Reached skill level 1 in Necromancy
 18027 | Lair:2   | Reached skill level 1 in Translocations
 18046 | Lair:2   | Noticed Fannar
 18064 | Lair:2   | Killed Fannar
 18114 | Lair:2   | Found a staircase to the Swamp.
 18502 | Lair:3   | Found a hole to the Spider Nest.
 18529 | Lair:3   | Reached skill level 5 in Translocations
 18745 | Lair:3   | Reached XP level 13. HP: 71/98 MP: 17/19
 18763 | Lair:3   | Learned a level 4 spell: Cause Fear
 19239 | Orc:1    | Entered Level 1 of the Orcish Mines
 20678 | Lair:4   | Reached skill level 5 in Throwing
 21318 | Lair:5   | Found a viscous altar of Jiyva.
 21318 | Lair:5   | Found a staircase to the Slime Pits.
 21456 | Lair:5   | Reached ****** piety under Uskayaw
 21883 | Lair:5   | Noticed Kirke
 22377 | Lair:5   | Reached skill level 10 in Fighting
 22382 | Lair:5   | Killed Kirke
 22534 | Lair:5   | Got a pair of ancient boots
 22545 | Lair:5   | Identified the +2 pair of boots "Damnable Contraption" {*Drain +Fly rElec} (You found it on level 5 of the Lair of Beasts)
 22730 | Lair:6   | Entered Level 6 of the Lair of Beasts
 23087 | Lair:6   | Reached XP level 14. HP: 113/113 MP: 17/20
 23297 | Lair:6   | Reached skill level 10 in Long Blades
 23747 | Lair:6   | Identified the Volume of Stones and Transmigration
 24068 | Lair:6   | Identified the Compendium of Shape Shifting
 24483 | Temple   | Learned a level 3 spell: Portal Projectile
 25533 | Swamp:1  | Entered Level 1 of the Swamp
 25567 | Lair:2   | Slain by an eight-headed hydra

Skill      XL: |  1  2  3  4  5  6  7  8  9 10 11 12 13 14 |
---------------+-------------------------------------------+-----
Polearms       | 4 5 6 7 8 |  8.0
Dodging        | 4 6 9 11 | 11.1
Charms         | 4 9 10 | 10.4
Fighting       | 6 8 11 | 11.4
Long Blades    | 7 10 | 10.0
Hexes          | 4 7 |  7.9
Invocations    | 6 9 |  9.3
Necromancy     | 2 |  2.4
Translocations | 6 8 |  8.0
Throwing       | 7 |  7.1
Spellcasting   | 4 |  4.6
Armour         | |  0.6

Action                   |  1- 3 |  4- 6 |  7- 9 | 10-12 | 13-15 || total
-------------------------+-------+-------+-------+-------+-------++-------
Melee: Spear             |   143 |   268 |   402 |       |       ||   813
       Tailslap          |     2 |       |       |     2 |     8 ||    12
       Long sword        |       |       |    27 |   437 |   429 ||   893
       Dagger            |       |       |       |    37 |       ||    37
       Falchion          |       |       |       |     6 |       ||     6
       Trident           |       |       |       |       |    62 ||    62
       Unarmed           |       |       |       |       |     5 ||     5
Throw: Tomahawk          |       |       |       |    10 |    10 ||    20
       Javelin           |       |       |       |       |     2 ||     2
 Cast: Infusion          |     5 |    17 |    29 |     4 |     2 ||    57
       Song of Slaying   |       |     2 |     1 |     5 |     8 ||    16
       Shroud of Golubri |       |     1 |     6 |    38 |    39 ||    84
       Spectral Weapon   |       |       |       |    16 |    29 ||    45
       Regeneration      |       |       |       |     1 |     8 ||     9
       Portal Projectile |       |       |       |       |     1 ||     1
Invok: Line Pass         |       |       |     2 |     5 |     4 ||    11
       Stomp             |       |       |       |     5 |       ||     5
       Grand Finale      |       |       |       |       |     3 ||     3
Evoke: Lightning rod     |       |       |       |       |     4 ||     4
       Wand              |       |       |       |       |     2 ||     2
       Lamp of fire      |       |       |       |       |     1 ||     1
  Use: Scroll            |       |     8 |    10 |    20 |    12 ||    50
       Potion            |       |       |     7 |     3 |     3 ||    13
 Stab: Sleeping          |       |     1 |     2 |       |       ||     3
       Paralysed         |       |     1 |    15 |    29 |    32 ||    77
       Confused          |       |       |     2 |     2 |       ||     4
       Distracted        |       |       |     1 |     1 |     3 ||     5
  Eat: Chunk             |     3 |    13 |    12 |    30 |    28 ||    86
       Royal jelly       |       |       |     1 |       |       ||     1
       Fruit             |       |       |     1 |       |       ||     1
       Meat ration       |       |       |     1 |     1 |     1 ||     3
Armor: Leather armour    |    28 |    37 |    49 |    53 |       ||   167
       Troll leather arm |       |       |       |    60 |   186 ||   246
Dodge: Dodged            |    71 |   105 |   238 |   497 |   532 ||  1443
       Rpst.: Long sword |       |       |     5 |   116 |   139 ||   260
       Falchion          |       |       |       |     1 |       ||     1
